 Dungeon Crawl Stone Soup version 0.32-a0-314-g526f7d4993 (webtiles) character file.

Game seed: 17121597959419213231

726 timneilson the Ruffian (level 7, -2/47 HPs)
             Began as an Octopode Shapeshifter on Feb 15, 2024.
             Was an Initiate of Gozag.
             Killed from afar by Eustachio (5 damage)
             ... with a puff of flame
             ... on level 4 of the Dungeon.
             The game lasted 00:05:15 (2660 turns).

timneilson the Ruffian (Octopode Shapeshifter)      Turns: 2660, Time: 00:05:15

Health: -2/47      AC:  5    Str: 15    XL:     7   Next: 72%
Magic:  7/7        EV: 14    Int: 18    God:    Gozag
Gold:   138        SH:  0    Dex: 12    Spells: 6/6 levels left

rFire   . .          .
                       - Unarmed
rCold   . . .        (no shield)
rNeg    . . .        (helmet currently unavailable)
rPois   .            i - amulet of regeneration
rElec   .            g - +4 ring of protection
rCorr   .            n - +6 ring of intelligence
SInv    .            (no ring)
Will    .....        (no ring)
Stlth   +++          (no ring)
HPRegen 1.07/turn    (no ring)
MPRegen 0.10/turn    (no ring)
                     (no ring)

%: no passive effects
@: beast-form, gold aura
A: beast (slay +2), almost no armour, amphibious, 8 rings, camouflage 1,
gelatinous body 1, (nimble swimmer 1), tentacles
a: Begin Untransformation, Renounce Religion, Potion Petition, Call Merchant,
Bribe Branch


You were on level 4 of the Dungeon.
You worshipped Gozag.
Gozag was aware of your devotion.
You were a hulking beast.
You visited 2 branches of the dungeon, and saw 5 of its levels.

You collected 213 gold pieces.
You paid 75 gold pieces to Gozag.

Inventory:

Jewellery
 g - a +4 ring of protection (left tentacle)
 i - an amulet of regeneration (around mantle)
 n - a +6 ring of intelligence (right tentacle)
Talismans
 b - a beast talisman (active)
 c - a flux talisman
Scrolls
 e - a scroll of revelation
 f - 3 scrolls of amnesia
 h - a scroll of poison
 o - a scroll of fear
Potions
 a - 2 potions of lignification
 j - 2 potions of degeneration {unknown}
 k - a potion of enlightenment {unknown}
 l - 2 potions of magic {unknown}
 m - a potion of curing {unknown}


   Skills:
 * Level 3.8 Fighting
 * Level 4.2 Dodging
 + Level 3.7 Stealth
 * Level 4.7 Unarmed Combat
 * Level 4.6 Shapeshifting


You had 6 spell levels left.
You didn't know any spells.
Your spell library contained the following spells:

 Spells                   Type           Power      Damage    Failure   Level
 Shock                    Conj/Air       0%         1d3       22%         1
 Swiftness                Air            0%         N/A       54%         3
 Airstrike                Air            0%         2d(0-16)  91%         4
 Cause Fear               Hex            0%         N/A       91%         4
 Fireball                 Conj/Fire      0%         3d3       99%         5
 Dragon's Call            Summ           0%         N/A       100%        9


Dungeon Overview and Level Annotations

Branches:
Dungeon (4/15)             Temple (1/1) D:4

Altars:
Dithmenos
Elyvilon
Gozag
Hepliaklqana
Makhleb
Nemelex Xobeh
Okawaru
Ru
Sif Muna
Trog
Uskayaw
Vehumet
Wu Jian
Yredelemnul
Zin

Annotations:
D:4 Eustachio


Innate Abilities, Weirdness & Mutations

You are a hulking beast.
Your limbs bulge with bestial killing power. (Slay +2)
You cannot wear most types of armour.
You are amphibious.
You can wear up to eight rings at the same time.
Your skin changes colour to match your surroundings (Stealth+).
Your rubbery body absorbs attacks. (AC +1, EV +1)
((You are camouflaged when in or above water. (Stealth+)))
You have tentacles for arms and can constrict up to eight enemies at once.


Message History

You closely miss the river rat. You grab the river rat.
You squeeze the river rat.
The river rat is severely wounded.
You constrict the river rat, but do no damage.
Eustachio mumbles some strange words.
The river rat bites you.
You tentacle-slap the river rat.
You kill the river rat!
The river rat's corpse disappears in a puff of smoke!
Eustachio casts a spell.
You bludgeon the rat!
You kill the rat!
The rat's corpse disappears in a puff of smoke!
Eustachio mumbles some strange words.
The bat is no longer distracted by gold.
The bat closely misses you.
You miss the bat. You grab the bat. You constrict the bat.
The iron imp disappears in a puff of smoke!
The bat barely misses you.
Eustachio mumbles some strange words.
The bat struggles to escape constriction.
You tentacle-slap the bat.
You kill the bat!
The bat's corpse disappears in a puff of smoke!
The quokka twitches its whiskers.
Eustachio zaps a wand.
The puff of flame hits you!
* * * LOW HITPOINT WARNING * * *
The iron imp hits you!
* * * LOW HITPOINT WARNING * * *
Eustachio gestures wildly while chanting.
Unknown command.
You closely miss Eustachio. You grab Eustachio.
Eustachio is almost dead.
You constrict Eustachio, but do no damage.
The river rat disappears in a puff of smoke!
The rat disappears in a puff of smoke!
The iron imp closely misses you.
Eustachio zaps a wand.
The puff of flame hits you.
You die...
Eustachio says, "Such is the fate of all honourless rascals."
Your body crumbles into a pile of gold. ########### #.........# #.........# #...".....# #......ยง5.###### ####h........ #5b@######### #brg#

###### . #.5r#
#....###.. #>..#
#........#
#...########.........
#...............#....
#.#.#.5.###...:.#....
.g.#...@..###....#....


You could see Eustachio, an iron imp (summoned), a quasit (summoned), a river
rat (summoned), a shadow imp (summoned), a quokka (summoned), a goblin and 2
bats.

Vanquished Creatures
  Grinder (D:3)
  Sigmund (D:2)
  An orc priest (D:3)
  An iguana (D:4)
  Natasha (thrice) (D:2)
  An orc wizard (D:3)
  Robin (D:3)
  4 gnolls (D:3)
  2 adders
  3 dart slugs
  9 orcs (D:3)
  7 endoplasms
  2 giant cockroaches
  11 goblins
  8 hobgoblins
  4 quokkas
  7 ball pythons
  3 bats (D:3)
  A frilled lizard (D:2)
  5 kobolds
  4 rats
79 creatures vanquished.

Notes
Turn   | Place    | Note
-------+----------+-------------------------------------------
     0 | D:1      | timneilson the Octopode Shapeshifter began the quest for
                  | the Orb.
     0 | D:1      | Reached XP level 1. HP: 13/13 MP: 1/1
    86 | D:1      | Reached XP level 2. HP: 18/18 MP: 2/2
   167 | D:1      | Reached skill level 1 in Stealth
   277 | D:1      | Reached XP level 3. HP: 23/23 MP: 3/3
   787 | D:2      | Noticed Natasha
   795 | D:2      | Killed Natasha
   796 | D:2      | Reached XP level 4. HP: 16/29 MP: 4/4
   849 | D:2      | Found a sacrificial altar of Ru.
   851 | D:2      | Noticed Natasha
   876 | D:2      | Killed Natasha
   906 | D:2      | Noticed Sigmund
   960 | D:2      | Reached XP level 5. HP: 34/34 MP: 5/5
  1049 | D:2      | Noticed Natasha
  1056 | D:2      | Killed Natasha
  1091 | D:2      | Killed Sigmund
  1092 | D:2      | Reached XP level 6. HP: 41/41 MP: 6/6
  1382 | D:3      | Noticed Robin
  1388 | D:3      | Killed Robin
  1613 | D:3      | Noticed Grinder
  1620 | D:3      | Killed Grinder
  1621 | D:3      | Reached XP level 7. HP: 43/46 MP: 7/7
  2518 | D:4      | Found a staircase to the Ecumenical Temple.
  2525 | Temple   | Entered the Ecumenical Temple
  2544 | Temple   | Became a worshipper of Gozag Ym Sagoz the Greedy
  2614 | D:4      | Noticed Eustachio
  2659 | D:4      | HP: 2/47 [iron imp[Eustachio] (10)]
  2660 | D:4      | Killed from afar by Eustachio

Illustrated notes

Levels and vault maps discovered:
D:1:      lemuel_arrival_lava_pool, layout_basic
D:2:      layout_rooms, basic_altar, uniq_sigmund, uniq_natasha
D:3:      minmay_angry_zag, layout_basic, uniq_grinder, uniq_robin
D:4:      layout_rooms, uniq_eustachio
Temple:   nicolae_temple_bog_church

Skill      XL: |  1  2  3  4  5  6 |
---------------+-------------------+-----
Stealth        | 1 2 3 |  3.7
Fighting       | 2 3 |  3.8
Dodging        | 3 4 |  4.2
Unarmed Combat | 4 |  4.7
Shapeshifting  | 4 |  4.6

Action                     |  1- 3 |  4- 6 |  7- 9 || total
---------------------------+-------+-------+-------++-------
  Melee: Unarmed           |    40 |    81 |    56 ||   177
         Tentacles         |     9 |    16 |    17 ||    42
         Constrict         |    10 |    21 |    15 ||    46
         Punch             |     2 |     4 |     3 ||     9
    Use: Scroll            |     5 |     1 |     2 ||     8
         Potion            |       |       |     1 ||     1
   Stab: Sleeping          |     3 |     1 |     4 ||     8
         Distracted        |       |     1 |       ||     1
 Armour: Skin              |    15 |    26 |    36 ||    77
  Dodge: Dodged            |    20 |    53 |    31 ||   104

Table legend: (Time is in decaauts)
 A = Elapsed time spent in this place.
 B = Non-inter-level travel time spent in this place.
 C = Inter-level travel time spent in this place.
 D = Time resting spent in this place.
 E = Time spent auto-exploring this place.
 F = Levels seen in this place.
 G = Mean time per level.
                   A        B        C        D        E       F      G
               +--------+--------+--------+--------+--------+-----+--------+
         Total |   2659 |   2517 |    142 |    100 |   1813 |   5 |  531.8 |
       Dungeon |   2621 |   2514 |    107 |    100 |   1813 |   4 |  655.2 |
        Temple |     38 |      3 |     35 |      0 |      0 |   1 |   38.0 |
               +--------+--------+--------+--------+--------+-----+--------+

Top non-repeatable levels by time:
     D:3: 1210 daAuts
     D:1: 773 daAuts
     D:2: 519 daAuts
     D:4: 118 daAuts
  Temple: 38 daAuts
